 Dungeon Crawl Stone Soup version 0.28.0-53-g5a82cb258f (webtiles) character file.

Game seed: 14071725095143576484

16531 Acheron the Spear-Bearer (level 12, -3/94 HPs)
             Began as a Merfolk Gladiator on July 3, 2022.
             Was a High Priest of Nemelex Xobeh.
             Slain by an eight-headed hydra (13 damage)
             ... on level 4 of the Lair of Beasts.
             The game lasted 01:26:27 (14371 turns).

Acheron the Spear-Bearer (Merfolk Gladiator)       Turns: 14371, Time: 01:26:33

Health: -3/94      AC: 11    Str: 23    XL:     12   Next: 38%
Magic:  25/25      EV: 16    Int: 10    God:    Nemelex Xobeh [*****.]
Gold:   194        SH:  0    Dex: 14    Spells: 8/17 levels left

rFire   + . .      SeeInvis .   y - +5 spear (freeze)
rCold   . . .      Faith    .   (no shield)
rNeg    . . .      Spirit   .   m - +2 leather armour {rPois}
rPois   +          Reflect  .   C - +2 hat
rElec   +          Harm     .   (no cloak)
rCorr   .          Rampage  +   u - +0 pair of gloves
Will    .....                   o - +1 pair of boots of the Soft Wumpus {Rampage rPois MP+9 Str+2}
Stlth   +++.......              B - amulet of regeneration
HPRegen 1.05/turn               a - +4 ring of slaying
MPRegen 0.19/turn               J - ring of Disi {rElec rF+ Str+7 Dex-4}

@: no status effects
A: (nimble swimmer 2), mertail
a: Renounce Religion, Draw Escape, Draw Destruction, Draw Summoning, Triple
Draw, Deal Four, Stack Five


You were on level 4 of the Lair of Beasts.
You worshipped Nemelex Xobeh.
Nemelex Xobeh was extremely pleased with you.
You visited 3 branches of the dungeon, and saw 19 of its levels.
You also visited: Sewer.

You collected 737 gold pieces.
You spent 543 gold pieces at shops.

Inventory:

Hand Weapons
 b - a +0 war axe
 j - a +1 vorpal hunting sling
 l - a +1 halberd of venom
 q - a +0 quarterstaff of speed
 y - a +5 spear of freezing (weapon)
 A - a +1 hand axe of flaming
 F - a +3 hand axe
 K - a +2 hand axe of freezing
 M - the +3 flail "Ummyzoel" {venom, Str+6}
   (You found it on level 11 of the Dungeon)

   It poisons the flesh of those it strikes.
   Str:       It affects your strength (+6).
Missiles
 d - 5 throwing nets
 f - 90 sling bullets
 k - 4 javelins (quivered)
 n - 13 poisoned darts
 t - 3 boomerangs
Armour
 m - a +2 leather armour of poison resistance (worn)
 o - the +1 pair of boots of the Soft Wumpus (worn) {Rampage rPois MP+9 Str+2}
   (You acquired it on level 10 of the Dungeon)

   Str:       It affects your strength (+2).
   rPois:     It protects you from poison.
   MP:        It affects your magic capacity (+9).
   Rampage:   It bestows one free step when moving towards enemies.
 u - a +0 pair of gloves (worn)
 C - a +2 hat (worn)
 O - the +2 robe "Qubyaviy" {rCorr Dex+2}
   (You found it on level 2 of the Lair of Beasts)

   Dex:       It affects your dexterity (+2).
   rCorr:     It protects you from acid and corrosion.
Magical Staves
 h - a staff of earth
Jewellery
 a - a +4 ring of slaying (left hand)
 c - a ring of protection from fire
 r - a +6 ring of strength
 B - an amulet of regeneration (around neck)
 E - a +4 ring of protection
 I - an amulet of the acrobat
 J - the ring of Disi (right hand) {rElec rF+ Str+7 Dex-4}
   (You bought it in a shop on level 9 of the Dungeon)

   [ring of protection from fire]

   Str:       It affects your strength (+7).
   Dex:       It affects your dexterity (-4).
   rF:        It protects you from fire.
   rElec:     It insulates you from electricity.
Wands
 p - a wand of flame (24)
 w - a wand of acid (8)
 x - a wand of paralysis (23)
 z - a wand of iceblast (14)
Scrolls
 g - 2 scrolls of blinking
 v - 2 scrolls of enchant armour
 L - a scroll of teleportation
 N - a scroll of fear {unknown}
 P - a scroll of enchant weapon
 R - a scroll of identify
Potions
 e - a potion of ambrosia
 i - 2 potions of berserk rage
 s - a potion of lignification
 D - 2 potions of flight
 G - 2 potions of curing
 H - 2 potions of heal wounds
 Q - a potion of resistance


   Skills:
 * Level 8.8 Fighting
 * Level 13.2 Polearms
 + Level 5.9 Throwing
 * Level 5.2 Armour
 * Level 10.1 Dodging
 * Level 7.5 Stealth
 + Level 3.1 Spellcasting
 + Level 3.0 Hexes
 * Level 5.9 Invocations
 * Level 5.7 Evocations


You had 8 spell levels left.
You knew the following spells:

 Your Spells              Type           Power      Damage    Failure   Level
a - Portal Projectile     Hex/Tloc       8%         N/A       45%         3
b - Teleport Other        Tloc           1%         N/A       67%         3
c - Gell's Gravitas       Tloc           1%         N/A       67%         3

Your spell library contained the following spells:

 Spells                   Type           Power      Damage    Failure   Level
 Sublimation of Blood     Necr           1%         N/A       43%         2
 Wereblood                Tmut           1%         N/A       43%         2
 Fulminant Prism          Conj/Hex       2%         3d6       86%         4
 Leda's Liquefaction      Hex/Erth       2%         N/A       86%         4
 Blade Hands              Tmut           0%         N/A       100%        5
 Excruciating Wounds      Necr           0%         N/A       100%        5
 Fireball                 Conj/Fire      0%         3d3       100%        5
 Starburst                Conj/Fire      0%         6d3       100%        6
 Summon Hydra             Summ           0%         N/A       100%        7
 Ignition                 Fire           0%         3d3       100%        8


Dungeon Overview and Level Annotations

Branches:
Dungeon (12/15)            Temple (1/1) D:4            Lair (6/6) D:11
  Sewer (visited)
  Swamp: Lair:2-4    Shoals: Lair:2-4     Snake: Lair:2-4    Spider: Lair:2-4
  Slime: Lair:5-6       Orc: D:9-12

Altars:
Ashenzari
Cheibriados
Dithmenos
Elyvilon
Fedhas
Gozag
Hepliaklqana
Kikubaaqudgha
Makhleb
Nemelex Xobeh
Okawaru
Qazlal
Ru
Sif Muna
Trog
Uskayaw
Vehumet
Wu Jian
Xom
Yredelemnul
Zin
The Shining One

Shops:
D:9 =

Annotations:
D:6 Maggie
D:7 exclusion: downstairs, Dowan, Duvessa
D:10 exclusion: downstairs
D:11 3 runed translucent doors, exclusion: downstairs, Quickbrownfox's ghost, journeyman DsIE
Lair:2 exclusion: downstairs
Lair:4 1 runed translucent door, Qawitz's ghost, journeyman GrEE


Innate Abilities, Weirdness & Mutations

((You are very nimble when in or above water. (Stealth+, EV+, Speed+++)))
Your lower body shifts to a powerful aquatic tail in water.


Message History

The eight-headed hydra bites you!
The eight-headed hydra bites you but does no damage.
The eight-headed hydra bites you! The eight-headed hydra bites you.
The eight-headed hydra closely misses you.
The eight-headed hydra barely misses you.
The eight-headed hydra completely misses you.
The eight-headed hydra barely misses you.
You hit the eight-headed hydra. You freeze the eight-headed hydra.
The eight-headed hydra is moderately wounded.
Unknown command.
You puncture the eight-headed hydra! You freeze the eight-headed hydra.
The eight-headed hydra is heavily wounded.
The eight-headed hydra bites you. The eight-headed hydra misses you. x2
The eight-headed hydra bites you! The eight-headed hydra bites you. x3
The eight-headed hydra barely misses you.
Unknown command.
You puncture the eight-headed hydra! You freeze the eight-headed hydra.
The eight-headed hydra is heavily wounded.
Unknown command.
You hit the eight-headed hydra. You freeze the eight-headed hydra.
The eight-headed hydra is severely wounded.
A nearby plant withers and dies.
The eight-headed hydra closely misses you. x3
The eight-headed hydra bites you but does no damage.
The eight-headed hydra barely misses you.
The eight-headed hydra bites you! x2
* * * LOW HITPOINT WARNING * * *
The eight-headed hydra bites you.
* * * LOW HITPOINT WARNING * * *
You completely miss the eight-headed hydra.
The eight-headed hydra is severely wounded.
You puncture the eight-headed hydra! You freeze the eight-headed hydra.
The eight-headed hydra is severely wounded.
The eight-headed hydra bites you.
* * * LOW HITPOINT WARNING * * *
The eight-headed hydra bites you!
* * * LOW HITPOINT WARNING * * *
The eight-headed hydra bites you!
You die...
Your body glows with a rainbow of weird colours and disappears.

# ... #.P..# .P.#
...P ......#....
h...#....... ###
.......P....# ..#
#..# ...#..#.##
..#....# .........#
P.#....#....P...@#
.......#....##.#D#
..P.....#...#...F#
.................##
.......#..........#
........#...P....##
.......#.....#.#..#
........#........##
..........#..#.#.P#


You could see an eight-headed hydra and a cane toad (misshapen).

Vanquished Creatures
  A hydra (Lair:4)
  A two-headed ogre (D:8)
  An ugly thing (D:11)
  Joseph (D:10)
  2 cane toads
  2 unseen horrors (D:11)
  3 komodo dragons
  2 kobold demonologists (D:11)
  8 blink frogs
  A shadow (D:5)
  30 yaks
  2 vampires
  2 wyverns (D:9)
  A wraith (D:9)
  A basilisk (Lair:1)
  2 steam dragons
  6 water moccasins
  3 orc warriors
  A hornet zombie (D:8)
  A sky beast (D:6)
  2 black bears
  A phantom (D:5)
  2 centaurs
  A kobold brigand (D:11)
  8 bullfrogs
  3 scorpions
  3 killer bees (D:11)
  7 wights
  6 electric eels
  3 howler monkeys (D:9)
  A bullfrog zombie (D:6)
  A crimson imp (D:6)
  2 centaur zombies
  3 hounds
  3 jellies
  2 orc priests
  A gnoll shaman (D:7)
  A bullfrog skeleton (D:6)
  An iguana (D:6)
  7 orc wizards
  A killer bee zombie (D:8)
  12 gnolls
  2 river rats (D:4)
  5 adders
  4 white imps
  An ufetubus (D:5)
  3 dart slugs
  28 orcs
  7 endoplasms
  10 giant cockroaches
  12 goblins
  11 hobgoblins
  4 jackals (D:3)
  6 quokkas
  7 ball pythons
  4 bats
  11 frilled lizards
  11 kobolds
  9 rats
277 creatures vanquished.

Vanquished Creatures (collateral kills)
  A two-headed ogre (D:8)
  A centaur (D:10)
2 creatures vanquished.

Vanquished Creatures (others)
  A two-headed ogre (D:10)
  26 fungi
  35 plants
  4 toadstools (D:1)
66 creatures vanquished.

Grand Total: 345 creatures vanquished

Notes
Turn   | Place    | Note
-------+----------+-------------------------------------------
     0 | D:1      | Acheron the Merfolk Gladiator began the quest for the Orb.
     0 | D:1      | Reached XP level 1. HP: 16/16 MP: 1/1
   132 | D:1      | Reached XP level 2. HP: 15/22 MP: 2/2
   228 | D:1      | Found a faded altar of an unknown god.
   702 | D:1      | Reached XP level 3. HP: 27/28 MP: 3/3
  1463 | D:2      | Reached skill level 5 in Polearms
  1499 | D:2      | Reached skill level 1 in Stealth
  1715 | D:3      | Reached XP level 4. HP: 29/34 MP: 4/4
  1954 | D:4      | Found a glowing drain.
  2050 | Sewer    | Entered a sewer
  2181 | Sewer    | Reached skill level 5 in Dodging
  2344 | Sewer    | Reached XP level 5. HP: 31/39 MP: 5/5
  2429 | Sewer    | Reached skill level 1 in Armour
  2429 | Sewer    | Reached skill level 1 in Evocations
  2475 | Sewer    | Reached XP level 6. HP: 7/47 MP: 6/6
  2957 | D:4      | Found a staircase to the Ecumenical Temple.
  2966 | Temple   | Entered the Ecumenical Temple
  3090 | Temple   | Became a worshipper of Nemelex Xobeh the Trickster
  3723 | D:5      | Entered Level 5 of the Dungeon
  3778 | D:3      | Reached skill level 6 in Polearms
  4105 | D:3      | Found a glowing golden altar of the Shining One.
  4105 | D:3      | Found a basalt altar of Yredelemnul.
  4111 | D:3      | Found a shimmering altar of Xom.
  4113 | D:3      | Found a sacrificial altar of Ru.
  4116 | D:3      | Found a broken altar of Ashenzari.
  4120 | D:3      | Found an opulent altar of Gozag.
  4369 | D:5      | Noticed a shadow
  4464 | D:5      | Killed a shadow
  4465 | D:5      | Reached skill level 1 in Invocations
  4465 | D:5      | Reached XP level 7. HP: 52/52 MP: 6/8
  4663 | D:5      | Reached skill level 1 in Spellcasting
  4875 | D:6      | Noticed Maggie
  4891 | D:5      | Reached skill level 7 in Polearms
  5188 | D:5      | Reached XP level 8. HP: 42/59 MP: 9/9
  5727 | D:6      | Learned a level 3 spell: Portal Projectile
  5734 | D:6      | Reached * piety under Nemelex Xobeh
  5850 | D:6      | Reached skill level 8 in Polearms
  6258 | D:7      | Received a gift from Nemelex Xobeh
  7453 | D:8      | Reached skill level 9 in Polearms
  7453 | D:8      | Reached XP level 9. HP: 51/66 MP: 12/12
  7583 | D:8      | Noticed a two-headed ogre
  7619 | D:9      | Reached ** piety under Nemelex Xobeh
  7807 | D:9      | Reached skill level 5 in Fighting
  8125 | D:10     | Entered Level 10 of the Dungeon
  8125 | D:10     | Noticed a two-headed ogre
  8125 | D:10     | Found a blossoming altar of Fedhas.
  8180 | D:9      | Reached skill level 10 in Polearms
  8438 | D:9      | Reached XP level 10. HP: 38/74 MP: 14/14
  8757 | D:9      | Got the Tome of Optimism
  8765 | D:9      | Learned a level 3 spell: Teleport Other
  8888 | D:9      | Reached skill level 5 in Stealth
  8976 | D:9      | Reached skill level 11 in Polearms
  9706 | D:7      | Reached skill level 5 in Throwing
  9802 | D:7      | Noticed Duvessa
  9827 | D:7      | Noticed Dowan
  9988 | D:7      | Received a gift from Nemelex Xobeh
 10046 | D:8      | Noticed a two-headed ogre
 10343 | D:9      | Found Syqoerir's Jewellery Emporium.
 10354 | D:9      | Reached skill level 1 in Hexes
 10562 | D:10     | Killed a two-headed ogre
 10854 | D:10     | Received a gift from Nemelex Xobeh
 10859 | D:11     | Reached *** piety under Nemelex Xobeh
 10875 | D:11     | Found a runed translucent gate.
 10876 | D:11     | Noticed a kobold demonologist
 10877 | D:11     | Found a runed translucent gate.
 10877 | D:11     | Found a runed translucent gate.
 10878 | D:11     | Noticed Quickbrownfox's ghost (journeyman DsIE)
 10900 | D:11     | Found a staircase to the Lair.
 10909 | D:11     | Reached skill level 12 in Polearms
 10920 | D:11     | Noticed a kobold demonologist
 10921 | D:11     | Noticed a kobold demonologist
 10935 | D:11     | Noticed a soul eater
 10939 | D:11     | Identified the +3 flail "Ummyzoel" {venom, Str+6}
 10999 | D:12     | Noticed a cyclops
 11020 | D:11     | Noticed a gargoyle
 11076 | D:10     | Noticed Joseph
 11298 | D:10     | Identified a scroll of acquirement
 11298 | D:10     | Acquired the +1 pair of boots of the Soft Wumpus {Rampage
                  | rPois MP+9 Str+2}
 11359 | D:10     | Learned a level 3 spell: Gell's Gravitas
 11394 | D:11     | Killed a kobold demonologist
 11395 | D:11     | Reached XP level 11. HP: 39/83 MP: 15/15
 11416 | Lair:1   | Entered Level 1 of the Lair of Beasts
 11637 | Lair:2   | Received a gift from Nemelex Xobeh
 11922 | Lair:1   | Received a gift from Nemelex Xobeh
 11975 | Lair:1   | Reached **** piety under Nemelex Xobeh
 12090 | D:9      | Bought the ring of Disi {rElec rF+ Str+7 Dex-4} for 543
                  | gold pieces
 12198 | D:8      | Killed a two-headed ogre
 12307 | D:8      | Killed a two-headed ogre
 12308 | D:8      | Reached skill level 5 in Invocations
 12435 | D:9      | Reached skill level 5 in Evocations
 12509 | D:10     | Killed Joseph
 12617 | D:11     | Noticed a white ugly thing
 13262 | D:11     | Killed a white ugly thing
 13522 | Lair:2   | Reached skill level 5 in Armour
 13525 | Lair:2   | Identified the +2 robe "Qubyaviy" {rCorr Dex+2}
 13577 | Lair:2   | Noticed a lindwurm
 13600 | Lair:3   | Noticed a catoblepas
 13604 | Lair:3   | Received a gift from Nemelex Xobeh
 13745 | Lair:4   | Received a gift from Nemelex Xobeh
 13789 | Lair:4   | Reached XP level 12. HP: 79/93 MP: 16/16
 13794 | Lair:4   | Reached skill level 13 in Polearms
 13867 | Lair:6   | Entered Level 6 of the Lair of Beasts
 13878 | Lair:5   | Noticed a six-headed hydra
 14042 | Lair:5   | Reached ***** piety under Nemelex Xobeh
 14158 | Lair:4   | Received a gift from Nemelex Xobeh
 14176 | Lair:4   | Found a runed translucent door.
 14180 | Lair:4   | Noticed Qawitz's ghost (journeyman GrEE)
 14211 | Lair:4   | Reached skill level 10 in Dodging
 14230 | Lair:4   | Noticed an eight-headed hydra
 14248 | Lair:4   | Killed an eight-headed hydra
 14343 | Lair:4   | Noticed an eight-headed hydra
 14371 | Lair:4   | Slain by an eight-headed hydra

Illustrated notes

Levels and vault maps discovered:
D:1:      ldierk_walled_garden_2, layout_rooms,
          hellmonk_ecumenical_altar_arch_garden, minmay_hexomino_p4
D:2:      layout_basic, minmay_close_crescents
D:3:      layout_loops_ring, nicolae_overflow_hallway_of_the_gods
D:4:      layout_loops_cross, minmay_temple_entry_antechambers,
          portal_sewer_entry_a
D:5:      layout_basic, palyth_stone_intersect
D:6:      layout_loops_ring, amcnicky_mini_rare_corridor_liquid,
          minmay_fire_ice_demons, uniq_maggie
D:7:      layout_loops_corners, uniq_duvessa
D:8:      layout_rooms, chequers_garden, kennysheep_path_1
D:9:      layout_long_grid, serial_shops, nicolae_lakefront_shop
D:10:     nicolae_cairo_tiling_large_dashed, layout_rooms, fedhas_altar_3,
          enter_bailey_8, minivault_25, uniq_joseph
D:11:     layout_layer_cave, grunt_lair_entry_orc_guard_hut,
          gammafunk_ghost_nasty_kobolds, gauntlet_entry_generic,
          serial_bayou_lagoon_b
D:12:     layout_cave_pools, minmay_orc_entry_temple_small, special_room
          [special_room_orc]
Temple:   regret_index_temple_waves
Lair:1:   layout_hall_layers
Lair:2:   layout_loops_ring, nicolae_lair_lindhole
Lair:3:   layout_chaotic_city, kennysheep_abandoned_house
Lair:4:   layout_long_grid, nicolae_swamp_entry_splash_gauntlet,
          spider_nest_entry_funnel_web, ebering_ghost_reflecting_pool
Lair:5:   nzn_winding_woodlands_medium [nzn_winding_woodlands_5x5_cross,
          nzn_winding_woodlands_5x15_pathside_ponds,
          nzn_winding_woodlands_5x5_open_star, nzn_winding_woodlands_hourglass,
          nzn_winding_woodlands_center_triple_pond,
          nzn_winding_woodlands_5x5_perimeter,
          nzn_winding_woodlands_5x5_default,
          nzn_winding_woodlands_5x15_longhouse,
          nzn_winding_woodlands_5x5_default], layout_cave_pods,
          serial_bayou_pond_a, columned_hall_lemuel
Lair:6:   due_jungle_book, layout_regular_city, slime_altar_1,
          grunt_megastairs_5, uniq_rupert

Skill      XL: |  1  2  3  4  5  6  7  8  9 10 11 12 |
---------------+-------------------------------------+-----
Polearms       | 5 6 7 9 10 12 13 | 13.2
Stealth        | 1 2 3 4 5 6 7 |  7.5
Dodging        | 5 6 7 8 9 10 | 10.1
Armour         | 1 2 3 4 5 |  5.2
Evocations     | 1 2 3 4 5 |  5.7
Fighting       | 3 4 5 6 8 |  8.8
Throwing       | 3 4 5 |  5.9
Invocations    | 1 2 3 4 5 |  5.9
Spellcasting   | 1 2 3 |  3.1
Hexes          | 2 3 |  3.0

Action                   |  1- 3 |  4- 6 |  7- 9 | 10-12 || total
-------------------------+-------+-------+-------+-------++-------
Melee: Trident           |   143 |   194 |    18 |       ||   355
       Punch             |     2 |     3 |     2 |     4 ||    11
       Tailslap          |       |     8 |       |     2 ||    10
       Halberd           |       |    34 |       |       ||    34
       Spear             |       |       |   200 |   552 ||   752
Throw: Javelin           |       |       |     1 |       ||     1
Invok: Draw Destruction  |       |       |       |     5 ||     5
       Draw Summoning    |       |       |       |     3 ||     3
       Draw Escape       |       |       |       |     1 ||     1
Evoke: Wand              |       |     1 |     4 |       ||     5
  Use: Scroll            |       |     5 |     7 |    10 ||    22
       Potion            |       |       |       |     3 ||     3
 Stab: Sleeping          |     2 |     6 |     2 |    10 ||    20
       Distracted        |       |       |       |     2 ||     2
       Petrified         |       |       |       |     2 ||     2
Armor: Leather armour    |    26 |    41 |    25 |    97 ||   189
Dodge: Dodged            |    82 |   162 |   100 |   198 ||   542
